[Event "Grand Prix Romania 1st Stage 2024"]
[Site "Bucuresti"]
[Date "2024.03.24"]
[Round "6.9"]
[White "Deac, Bogdan-Daniel"]
[Black "Costachi, Mihnea"]
[Result "1-0"]
[ECO "C54"]
[WhiteElo "2690"]
[BlackElo "2470"]
[Annotator "TA"]
[PlyCount "133"]
[EventDate "2024.03.20"]
[EventType "swiss"]
[EventCountry "ROU"]
[SourceTitle "playchess.com"]
[Source "ChessBase"]
[SourceQuality "1"]
[TimeControl "900+5"]

1. e4 e5 2. Bc4 Nf6 3. d3 Bc5 4. Nf3 d6 5. c3 Nc6 6. Nbd2 a6 7. h3 Ba7 8. Bb3 h6 {[%emt 0:00:12] C54: Italienische Partie (Hauptvariante).} 9. Qe2 Be6 10. Nf1 Qd7 11. Ba4 $146 ({Predecessor:} 11. Bc2 d5 12. Ng3 O-O 13. O-O Rfe8 14. Nh4 dxe4 15. Nxe4 Nxe4 16. dxe4 Qe7 17. Nf5 {0-1 Duda,J (2739)-Tomashevsky,E (2702) Titled Tuesday intern op 6th Nov blitz 2018 (10)}) 11... b5 12. Bb3 O-O 13. g4 Nh7 14. Ng3 d5 15. Nf5 Rad8 16. Bd2 dxe4 17. dxe4 Na5 18. Nxe5 Qe8 19. Bxe6 Qxe6 20. Bf4 c5 21. Nf3 Nc4 22. O-O Nxb2 23. Qxb2 Qxe4 24. c4 f6 25. Bg3 $2 (25. Qa3 $18 Qxf4 26. Ne7+ (26. Qxa6 Rf7 $11) 26... Kf7 27. Qxa6) 25... Qxf3 $11 26. cxb5 axb5 27. Qxb5 Ng5 28. Qb3+ Qxb3 (28... c4 {wäre vielleicht verwirrender.} 29. Qxc4+ Kh7 30. Qc7 Nxh3+ 31. Kh2 Qxg4 32. Qxg7+ Qxg7 33. Nxg7 Ng5) 29. axb3 Bb8 30. Ne7+ Kh7 ({Natürlich nicht} 30... Kf7 31. Nc6 Bxg3 32. Nxd8+ Rxd8 33. fxg3 $16) 31. Nc6 $1 Bxg3 32. Nxd8 Rxd8 33. fxg3 Rd2 34. Rf5 $1 Nxh3+ 35. Kf1 Rb2 (35... Rd3 $14) 36. Ra3 Rc2 $1 37. Ke1 (37. Ra7 $14) 37... Kg6 (37... Ng5 $11) 38. Rf3 $1 $16 Ng5 39. Re3 (39. Kd1 $1 $16 Nxf3 40. Kxc2) 39... h5 $2 (39... c4 $1 $11 {und Schwarz steht sicher.}) 40. gxh5+ $18 Kxh5 {[%emt 0:00:01] [#]} 41. Kd1 $1 Rb2 42. Ra5 Kg4 43. Rxc5 f5 44. Kc1 Ra2 45. Rc2 Ra7 {[%emt 0:00:05] [#]} 46. b4 $1 Ne4 47. Rc4 $2 (47. b5 g5 48. b6 Ra1+ 49. Kb2) 47... Kh3 $2 (47... Rb7 48. Rb3 Rb5) 48. b5 Nxg3 $2 (48... Rb7 49. Rb3 Nd6) 49. b6 $18 Rb7 50. Rb3 g5 51. Rc7 Rb8 52. b7 f4 53. Rc8 Rxb7 54. Rxb7 f3 55. Rf7 g4 56. Kd2 Nf1+ 57. Ke1 Kg2 58. Rc2+ Kg1 59. Rc4 Ne3 60. Re4 Ng2+ 61. Kd2 f2 62. Ke2 $1 ({Schwächer ist} 62. Rxg4 f1=Q 63. Rxf1+ Kxf1 $14) 62... g3 63. Rg4 Kh2 64. Rf8 Kh3 65. Rg7 Kh2 66. Rf3 Nh4 67. Rfxg3 1-0

[Event "Grand Prix Romania 1st Stage 2024"]
[Site "Bucuresti"]
[Date "2024.03.24"]
[Round "6.10"]
[White "Filip, Lucian-Ioan"]
[Black "Korobov, Anton"]
[Result "0-1"]
[ECO "E04"]
[WhiteElo "2359"]
[BlackElo "2662"]
[Annotator "TA"]
[PlyCount "72"]
[EventDate "2024.03.20"]
[EventType "swiss"]
[EventCountry "ROU"]
[SourceTitle "playchess.com"]
[Source "ChessBase"]
[SourceQuality "1"]
[TimeControl "900+5"]

1. d4 Nf6 2. c4 e6 3. g3 d5 4. Bg2 dxc4 5. Nf3 Nc6 6. Qa4 Bb4+ 7. Bd2 Nd5 8. Qb5 Bxd2+ 9. Nbxd2 c3 10. bxc3 {[%emt 0:00:02] Die Stellung ist ausgeglichen.} Nxc3 11. Qb3 Nd5 12. O-O O-O 13. Rfc1 a5 14. a3 {[%emt 0:00:28][%mdl 1024] Weiss hat Kompensation.} a4 15. Qb2 Qe7 16. e3 Rd8 17. Rc2 Ra6 18. Rac1 Rb6 19. Qa1 Na5 20. Rc5 Nb3 21. Nxb3 Rxb3 22. Nd2 {[%emt 0:00:10][%cal Og2d5] [#] Droht Bxd5! und aus.} Rd3 23. Bxd5 exd5 24. Rxc7 Qe8 (24... Qxa3 $2 {verliert.} 25. Rxc8 (25. Qxa3 Rxa3 26. Rxc8 Rf8 $18) 25... Rf8 26. R8c2 $18 (26. Qxa3 Rxa3 27. R8c2 g6 $18)) 25. Nf3 f6 {[%emt 0:00:02] Verhindert Ne5} 26. R1c3 (26. Ne1 $5 Rb3 $8 27. R1c3 $11) 26... Rxc3 27. Qxc3 Bh3 28. Nd2 $2 {[%emt 0:00:07] [#]} (28. Rxb7 $2 Rc8 29. Qd2 (29. Rc7 Rb8 $17) 29... Qc6 $17) (28. Qb4 $11 {und Weiss steht sicher.}) 28... Qb5 $1 $19 {[%emt 0:00:23] ...Qe2 wäre nun fies.} 29. Rc5 $2 (29. Qc1) 29... Qe2 {[%emt 0:00:18] Weiss ist schwach auf den weissen Feldern} 30. Qc1 {[%emt 0:00:03] Wehrt Qe1+ ab} h5 {[%emt 0:00:18] Zielt auf ...f5 ab.} 31. Rc2 $2 (31. Rc7) 31... Re8 {[%emt 0:00:17] Droht stark ...f5.} 32. Rc3 f5 {[%emt 0:00:35][%cal Of5f4] ...f4! ist eine echte Drohung.} 33. e4 fxe4 {[%emt 0:00:10] ( -> ...e3)} 34. Re3 Qb5 {[%emt 0:00:20] Und ...Rc8 würde nun gewinnen.} 35. f3 $2 (35. Qb1 Qc6 36. Nf1) 35... Rc8 36. Qe1 Qb2 {[%emt 0:00:08] Gewichteter Fehlerwert: Weiß=0.63/Schwarz=0.18 (sehr präzise) .  Verlustzug:     	Weiß=1     	---        Fehler:       	Weiß=3     	---        Ungenau:       	Weiß=1     	Schwarz=2     OK:         	Weiß=8     	Schwarz=11    Bester:       	Weiß=2     	Schwarz=3     Stark:        	---       	Schwarz=1} 0-1

[Event "Grand Prix Romania 1st Stage 2024"]
[Site "Bucuresti"]
[Date "2024.03.24"]
[Round "6.11"]
[White "Kuzubov, Yuriy"]
[Black "Toma, Radu-Cristian"]
[Result "1-0"]
[ECO "D27"]
[WhiteElo "2605"]
[BlackElo "2386"]
[Annotator "TA"]
[PlyCount "67"]
[EventDate "2024.03.20"]
[EventType "swiss"]
[EventCountry "ROU"]
[SourceTitle "playchess.com"]
[Source "ChessBase"]
[SourceQuality "1"]
[TimeControl "900+5"]

1. d4 d5 2. c4 dxc4 3. Nf3 Nf6 4. e3 a6 5. Bxc4 e6 6. O-O Nbd7 7. a4 c5 8. Nc3 Qc7 9. Qe2 Bd6 10. d5 exd5 11. Bxd5 O-O {[%emt 0:00:16] The position is equal.} 12. e4 Ne5 13. h3 Nxf3+ 14. Qxf3 Be5 15. Be3 Be6 16. Rfd1 Qb6 17. Rd2 Rad8 18. a5 Qc7 19. Qd1 Bxc3 (19... h6 $11 {remains equal.}) 20. bxc3 $16 Bxd5 21. exd5 Ne4 22. Rc2 f5 {[%emt 0:01:36] [#]} (22... Rde8 $142) 23. f3 $1 f4 24. fxe4 fxe3 {[%emt 0:00:02] [#]} 25. Re2 $1 Qe5 26. Rxe3 Rf4 (26... Rfe8 $142 27. Qb3 Qc7) 27. Qe2 $18 Re8 28. Re1 h5 (28... Qd6 {was called for.} 29. Qd3 Re5) 29. Qc4 Rc8 (29... Rf7 $142 30. Qxc5 Kh7) 30. Rd1 {[%emt 0:00:35] White is clearly winning.} h4 (30... Qd6 $142 31. Qe2 Qe5) 31. d6+ Kh7 32. Qd5 (32. Rd5 $142 Qf6 33. e5 (33. Rxc5 $2 {is the wrong capture.} Rxc5 34. e5 Rxe5 $19) (33. Rh5+ Kg6 $18) 33... Rxc4 34. exf6 gxf6 35. d7) 32... Qf6 33. e5 Qf5 34. Qd3 {[%emt 0:00:06] Weighted Error Value: White=0.26 (precise) /Black=0.40.  Mistake:       	---       	Black=6      Inaccurate:     	White=1     	Black=1      OK:         	White=8     	Black=10     Best:        	White=1     	---        Strong:       	White=2     	---} ({Not} 34. e6 Rf1+ 35. Rxf1 Qxd5 $14) 1-0

[Event "Grand Prix Romania 1st Stage 2024"]
[Site "Bucuresti"]
[Date "2024.03.24"]
[Round "6.12"]
[White "Cosma, Ioan"]
[Black "Brunello, Sabino"]
[Result "0-1"]
[ECO "E08"]
[WhiteElo "2316"]
[BlackElo "2515"]
[Annotator "RC"]
[PlyCount "151"]
[EventDate "2024.03.20"]
[EventType "swiss"]
[EventCountry "ROU"]
[SourceTitle "playchess.com"]
[Source "ChessBase"]
[SourceQuality "1"]
[TimeControl "900+5"]

1. d4 Nf6 2. Nf3 e6 3. c4 d5 4. g3 Be7 5. Bg2 O-O 6. O-O Nbd7 7. Qc2 a5 8. Nbd2 c5 9. Rd1 b6 10. b3 Ba6 11. e4 Rc8 12. exd5 exd5 13. Bb2 Re8 14. Rac1 dxc4 15. Nxc4 cxd4 16. Nxd4 Bxc4 17. bxc4 Qc7 18. Nb5 Qb8 19. Bh3 Rcd8 20. Re1 Bc5 21. Bxd7 Nxd7 22. Qf5 Nf8 23. Rxe8 Rxe8 24. Qg4 Ng6 25. Qf3 Ne5 26. Bxe5 Qxe5 27. Rc2 g6 28. Kg2 Re6 29. Qd5 Kg7 30. Qxe5+ Rxe5 31. Nc3 Re6 32. h4 h5 33. Kf3 Rf6+ 34. Kg2 Bd4 35. Nb5 Bc5 36. Nc3 Kf8 37. Ne4 Rc6 38. Kf3 Bd4 39. a4 Ke7 40. Ke2 Rc7 41. Kd3 Rd7 42. Ke2 Ke6 43. Ng5+ Ke7 44. Rd2 Rd6 45. Ne4 Rd7 46. Ng5 f6 47. Nf3 Bc5 48. Rxd7+ Kxd7 49. Ne1 Ke6 50. Nd3 Bd4 51. f4 Kf5 52. Kf3 g5 53. fxg5 fxg5 54. hxg5 Kxg5 55. Nf4 Bc5 56. Nd3 Bd6 57. Nf2 Kf5 58. Nd3 Bc5 59. Nf4 Kg5 60. Ne6+ Kf5 61. Nf4 Kg5 62. Ne6+ Kf5 63. Nf4 Ke5 64. Nxh5 Kd4 65. g4 Be7 66. Kf4 Kxc4 67. g5 Bxg5+ 68. Kxg5 Kb4 69. Nf4 Kxa4 70. Nd5 b5 71. Kf4 Kb3 72. Ke4 a4 73. Kd3 a3 74. Ne3 a2 75. Nc2 Kb2 76. Kd4 0-1

[Event "Grand Prix Romania 1st Stage 2024"]
[Site "Bucuresti"]
[Date "2024.03.24"]
[Round "6.13"]
[White "Fridman, Daniel"]
[Black "Antal, Hunor-Zoltan"]
[Result "0-1"]
[ECO "D11"]
[WhiteElo "2590"]
[BlackElo "2272"]
[Annotator "RC"]
[PlyCount "106"]
[EventDate "2024.03.20"]
[EventType "swiss"]
[EventCountry "ROU"]
[SourceTitle "playchess.com"]
[Source "ChessBase"]
[SourceQuality "1"]
[TimeControl "900+5"]

1. d4 d5 2. Nf3 Nf6 3. c4 c6 4. g3 Bg4 5. Ne5 Bf5 6. cxd5 cxd5 7. Nc3 e6 8. Qb3 Qb6 9. e3 Bb4 10. Bd2 O-O 11. f3 Nfd7 12. Nd3 Nc6 13. Nxb4 Nxb4 14. e4 dxe4 15. fxe4 Qxd4 16. Qc4 Qxc4 17. Bxc4 Ne5 18. Be2 Bg6 19. O-O Nc2 20. Rab1 Nd4 21. Bd1 Nc4 22. Bc1 Rfd8 23. Bb3 Nxb3 24. axb3 Nd2 25. Bxd2 Rxd2 26. Rf2 Rad8 27. Rbf1 f6 28. b4 Rxf2 29. Rxf2 Rd4 30. Re2 Rxb4 31. Kf2 e5 32. Ke3 Rd4 33. Re1 b5 34. Kf3 b4 35. Nb5 Rd3+ 36. Kf2 a6 37. Nc7 Rd2+ 38. Ke3 Rxb2 39. Nxa6 b3 40. Nc5 Rc2 41. Nd3 Rxh2 42. Nf2 Bf7 43. Rc1 h5 44. Rc8+ Kh7 45. Rc7 Kg6 46. Rb7 Rg2 47. Kf3 Rg1 48. Ke2 Bc4+ 49. Kf3 Rc1 50. Rb4 Rc3+ 51. Kg2 Rc2 52. Kf3 b2 53. Nd1 Be2+ 0-1

[Event "Grand Prix Romania 1st Stage 2024"]
[Site "Bucuresti"]
[Date "2024.03.24"]
[Round "6.14"]
[White "Gavrilescu, David"]
[Black "Lauda, Alexandr"]
[Result "1-0"]
[ECO "B30"]
[WhiteElo "2524"]
[BlackElo "2198"]
[Annotator "TA"]
[PlyCount "118"]
[EventDate "2024.03.20"]
[EventType "swiss"]
[EventCountry "ROU"]
[SourceTitle "playchess.com"]
[Source "ChessBase"]
[SourceQuality "1"]
[TimeControl "900+5"]

1. e4 c5 2. Nf3 Nc6 3. Bb5 g5 4. Nxg5 Nf6 5. Bxc6 dxc6 6. e5 {[%emt 0:00:02] B30: Sicilian: 2...Nc6 3 Bb5, lines without ...g6.} Rg8 7. d4 h6 8. Nxf7 $146 ({Predecessor:} 8. exf6 hxg5 9. dxc5 Qxd1+ 10. Kxd1 exf6 11. Be3 Be6 12. Nd2 O-O-O 13. Ke2 f5 14. f3 {1-0 Unneland,M (2146)-Popadic,D (2180) EU-ch Online U2300 Qual 2020 (2)}) 8... Qd5 9. Qf3 Rxg2 10. Nd2 Kxf7 $2 (10... cxd4 11. exf6 Kxf7 12. fxe7+ Kxe7 13. Qxd5 cxd5 14. Nf3 $17) (10... Bg4 $1 $19 {has better winning chances.}) 11. exf6 $17 Qxf3 12. Nxf3 exf6 13. Be3 cxd4 14. Bxd4 (14. Nxd4 $15 Bg4 15. h4) 14... c5 (14... Bg4 15. Nh4 Bd6 (15... Re8+ $2 16. Kf1 $18) 16. h3 $18 (16. Nxg2 Bf3 $16)) 15. Be3 $1 b6 16. Nd2 Bd6 17. O-O-O Be6 (17... Rxh2 18. Nc4 Bc7 19. Rxh2 Bxh2 20. Rd8) 18. h4 (18. Bxh6 $15 Rh8 (18... Rxf2 19. Ne4 $11) (18... Bxh2 19. Be3 $15) (18... Rxh2 19. Ne4 $15) (18... Bxa2 19. b3 $16) 19. Be3) 18... h5 $1 $17 (18... Bxa2 $2 19. b3 $16) 19. Ne4 Be5 20. a4 Bg4 21. Rd3 (21. Rdg1 $142 Rxg1+ 22. Rxg1) 21... Be2 22. Rd7+ Ke6 23. Rh7 Rg4 24. f4 $2 (24. Re1 $17 Rxe4 25. Rxe2) 24... Bf3 $19 (24... Bxf4 25. Bxf4 Rxf4 26. Ng3 Rxa4 27. Kb1 $11) 25. Nf2 Bxh1 ({Not} 25... Bxf4 26. Nxg4 Bxh1 (26... hxg4 27. Bxf4 Bxh1 28. Bg3 $17) 27. Rxh5 Bxe3+ 28. Nxe3 $17) (25... Rxf4 $19 26. Bxf4 Bxf4+ 27. Kb1 Bxh1 28. Nxh1 Rg8) 26. Nxg4 $17 hxg4 (26... Bxb2+ $19 27. Kxb2 hxg4) 27. fxe5 $17 Kxe5 28. Kd2 (28. Re7+ $17 Kf5 29. h5) 28... Bf3 (28... Ke4 $1 $19 {Threatens to win with ...Rd8+.} 29. Re7+ Kf3) 29. h5 Rd8+ 30. Kc3 f5 (30... g3 $17 {...f5 is the strong threat.} 31. h6 a5 32. Re7+ Kf5) 31. Bg5 (31. h6 $15) 31... Rg8 $1 $17 32. Re7+ Kd6 33. Bf6 g3 (33... Rf8 $142 34. Bh4 Rh8 35. Rxa7 Rxh5) 34. h6 $17 g2 35. Re1 g1=Q 36. Rxg1 Rxg1 37. h7 Rh1 38. h8=Q Rxh8 39. Bxh8 Kd5 40. Kd2 Ke4 41. Bf6 Bh5 42. Bd8 Be8 43. b3 f4 44. Bc7 (44. a5 $15) 44... Bc6 ({Better is} 44... f3 $17 45. a5 bxa5 46. Bxa5 Bh5) 45. Bb8 $1 $11 f3 46. Bxa7 b5 (46... Kf4 $5 47. Bb8+ $8 (47. Bxb6 $2 {perishes.} f2 $19) 47... Kg4 $15) 47. a5 c4 (47... f2 $5 48. Ke2 $8 Kd5 $11) 48. bxc4 bxc4 49. Kc3 Bd5 ({Black should try} 49... Bb5 $11) 50. a6 $14 Kf4 51. Bf2 Kg4 52. Kd4 Ba8 53. Kxc4 Kf5 54. Kc5 Ke6 55. c4 Kd7 56. Kb6 Kc8 {[%emt 0:00:02] [#]} (56... Be4 $14) 57. c5 $1 $16 Bd5 {[%emt 0:00:23] [#]} 58. a7 $2 (58. c6 $1 $16 {Intending a7 and mate.} Kb8 59. Kc5) 58... Kd7 $11 59. Kb5 Kc8 $2 (59... Bc6+ $11 60. Kb6 Ba8) 1-0

[Event "Grand Prix Romania 1st Stage 2024"]
[Site "Bucuresti"]
[Date "2024.03.24"]
[Round "6.15"]
[White "Moroni, Luca Jr"]
[Black "Nastase, Robert-Paul"]
[Result "1-0"]
[ECO "D02"]
[WhiteElo "2580"]
[BlackElo "2226"]
[Annotator "TA"]
[PlyCount "89"]
[EventDate "2024.03.20"]
[EventType "swiss"]
[EventCountry "ROU"]
[SourceTitle "playchess.com"]
[Source "ChessBase"]
[SourceQuality "1"]
[TimeControl "900+5"]

1. d4 d5 2. Bf4 e6 3. e3 Bd6 4. Nf3 c5 5. dxc5 Bxc5 6. Nbd2 Nf6 7. Bd3 Nc6 8. O-O O-O 9. c3 Bd6 10. Bxd6 Qxd6 11. e4 {[%emt 0:00:11] Die Stellung ist ausgeglichen.} e5 12. Qc2 dxe4 13. Nxe4 Nxe4 14. Bxe4 f5 15. Rad1 Qf6 16. Bxc6 bxc6 17. Qe2 e4 18. Nd4 c5 (18... Be6 $1 $11 {bleibt in der Remisbreite.}) 19. Qc4+ $16 Kh8 20. Qxc5 {[%emt 0:00:04] Weiß steht aktiver.} Ba6 21. Rfe1 Rae8 (21... Bd3 $142) 22. Qxa7 f4 23. Qd7 {[%emt 0:01:12] Qc6 wäre nun fies.} Qg6 24. Kh1 Bc8 25. Qc6 {[%emt 0:00:16] Droht stark Qxg6.} Rf6 26. Qd5 Rd6 27. Qc5 h5 (27... e3 $142 28. Rc1 Ba6) 28. Ne2 $2 (28. a4 $18) 28... Rf6 $2 (28... Rxd1 $1 $11 29. Rxd1 Bg4) 29. Rd5 $18 Bg4 30. Nd4 (30. Rg5 $18 Qf7 31. h3) 30... f3 $16 {[%emt 0:00:54] [#]} 31. gxf3 Rc8 (31... exf3 $16 32. Rg1 (32. Rxe8+ Qxe8 33. Re5 Qg6 $11) 32... Qe4) 32. Qe7 $18 exf3 33. Rd8+ $2 (33. Qe3 $18) 33... Rxd8 (33... Kh7 $1 $11 {hält das Gleichgewicht.} 34. Rg1 Rxd8 35. Qxd8 Qe4) 34. Qxd8+ $16 Kh7 {[%emt 0:00:01] [#] ( -> ...Bh3)} 35. Qe8 (35. Rg1 $1 $16) 35... Qg5 $2 (35... Bh3 $11 36. Qxg6+ Rxg6) 36. Qe3 $18 Qh4 (36... Rf4 $142 37. Qe5 Qxe5 38. Rxe5 Bd7 39. Rxh5+ Kg6) 37. Rg1 {[%emt 0:00:47][%cal Be1g1,Bg1g3,Bg3f3][%mdl 32] b4 ist eine echte Drohung.} Qh3 $2 (37... Rf7 38. Rg3 Bc8 39. Qd3+ (39. Nxf3 $2 {zu gefräßig.} Bb7 $19) 39... Kg8) 38. Qd3+ Kh6 39. Rg3 Qh4 40. Nxf3 Bxf3+ 41. Rxf3 Re6 42. Rg3 Qf4 43. Qd4 Qc1+ $2 (43... Qf7 44. Kg1 Re1+ 45. Kg2 Qb7+ 46. Kh3 Qc8+ 47. Kh4 Re7) 44. Rg1 Re1 45. Qxg7# {[%emt 0:00:06] Gewichteter Fehlerwert: Weiß=0.41/Schwarz=0.72.  Verlustzug:     	---       	Schwarz=2     Gewinn verpasst:   	Weiß=2     	---        Fehler:       	Weiß=2     	Schwarz=8     Ungenau:       	Weiß=1     	Schwarz=5     OK:         	Weiß=12    	Schwarz=6     Bester:       	Weiß=4     	Schwarz=2} 1-0

[Event "Grand Prix Romania 1st Stage 2024"]
[Site "Bucuresti"]
[Date "2024.03.24"]
[Round "6.16"]
[White "Parligras, Mircea-Emilian"]
[Black "Breahna, Radu"]
[Result "1-0"]
[ECO "D45"]
[WhiteElo "2543"]
[BlackElo "2142"]
[Annotator "TA"]
[PlyCount "73"]
[EventDate "2024.03.20"]
[EventType "swiss"]
[EventCountry "ROU"]
[SourceTitle "playchess.com"]
[Source "ChessBase"]
[SourceQuality "1"]
[TimeControl "900+5"]

1. d4 d5 2. c4 e6 3. Nf3 Nf6 4. Nc3 c6 5. e3 Nbd7 6. Be2 dxc4 7. a4 Bd6 8. Nd2 O-O 9. Nxc4 Bc7 10. O-O {[%emt 0:00:33] The position is equal.} e5 11. d5 cxd5 12. Nxd5 Nxd5 13. Qxd5 Nf6 14. Qb5 Qd5 15. b3 Bd7 16. Qxd5 Nxd5 17. Bb2 f6 18. Rac1 Bc6 19. Bg4 Kf7 20. Rfd1 Rfd8 21. Ba3 g6 22. Rd2 f5 23. Be2 Nf6 24. Nd6+ Bxd6 25. Rxd6 (25. Bxd6 $2 {too greedy.} Ne4 26. Rcd1 Nxd2 27. Rxd2 Rd7 28. Bc4+ Kf6 $19) 25... Rxd6 26. Bxd6 {[%emt 0:00:03] This pair of bishops is nice.} Ke6 27. Ba3 Rd8 28. f3 Rd2 29. Kf2 (29. Bf1 $11) 29... e4 30. Bb4 Ra2 31. Bc5 (31. Kf1 $11) 31... a6 (31... exf3 $17 32. gxf3 Nd7) 32. Bd4 exf3 33. gxf3 Nd5 34. Kf1 Rd2 35. Ke1 Ra2 36. h4 f4 ({Black should try} 36... Nb4 $11) 37. e4 $1 {[%emt 0:01:02] Weighted Error Value: White=0.11 (very precise) /Black=0.13 (very precise) .  Mistake:       	White=2     	Black=2      Inaccurate:     	White=1     	Black=2      OK:         	White=6     	Black=12     Best:        	---       	Black=1      Strong:       	White=1     	---} 1-0

[Event "Grand Prix Romania 1st Stage 2024"]
[Site "Bucuresti"]
[Date "2024.03.24"]
[Round "6.17"]
[White "Grigore, George-Gabriel"]
[Black "Maximov, Oleg"]
[Result "0-1"]
[ECO "E91"]
[WhiteElo "2423"]
[BlackElo "2185"]
[Annotator "RC"]
[PlyCount "80"]
[EventDate "2024.03.20"]
[EventType "swiss"]
[EventCountry "ROU"]
[SourceTitle "playchess.com"]
[Source "ChessBase"]
[SourceQuality "1"]
[TimeControl "900+5"]

1. d4 Nf6 2. c4 d6 3. Nf3 Bg4 4. Nc3 g6 5. e4 Bg7 6. Be2 O-O 7. Qb3 Qc8 8. O-O Bxf3 9. Bxf3 Nc6 10. Ne2 e5 11. d5 Nd4 12. Nxd4 exd4 13. Bd2 b6 14. Qc2 a5 15. Rae1 Re8 16. b3 Qd8 17. Bc1 Nd7 18. g3 Nc5 19. Qd2 Qf6 20. Bg2 d3 21. Rd1 Nxe4 22. Bxe4 Rxe4 23. Qxd3 Rae8 24. Be3 Qf3 25. Bf4 Qxd3 26. Rxd3 Re2 27. Rd2 Rxd2 28. Bxd2 Re2 29. Rd1 Bd4 30. Be1 Bc5 31. a4 Rb2 32. Rd3 Rb1 33. Kf1 Bb4 34. Re3 Kf8 35. f4 Bxe1 36. Rxe1 Rxb3 37. f5 Rf3+ 38. Kg2 Rxf5 39. Re4 Re5 40. Rd4 Re2+ 0-1

[Event "Grand Prix Romania 1st Stage 2024"]
[Site "Bucuresti"]
[Date "2024.03.24"]
[Round "6.18"]
[White "Mikhalevski, Victor"]
[Black "Miroiu, George-Catalin"]
[Result "1-0"]
[ECO "A07"]
[WhiteElo "2514"]
[BlackElo "2294"]
[Annotator "TA"]
[PlyCount "109"]
[EventDate "2024.03.20"]
[EventType "swiss"]
[EventCountry "ROU"]
[SourceTitle "playchess.com"]
[Source "ChessBase"]
[SourceQuality "1"]
[TimeControl "900+5"]

1. Nf3 d5 2. g3 c6 3. Bg2 Nf6 4. O-O Bg4 5. h3 Bxf3 6. Bxf3 e5 7. d3 Nbd7 8. e4 dxe4 {[%emt 0:00:14] The position is equal.} 9. dxe4 Nc5 10. Nd2 Qc7 11. Qe2 Be7 12. a4 O-O 13. Nc4 Rfe8 14. Bg2 Bf8 15. b4 Ncd7 (15... Ne6 $11) 16. c3 b6 17. Bd2 a6 18. h4 Reb8 19. a5 {[%emt 0:02:00] White is more active.} b5 20. Ne3 c5 ({Better is} 20... Ne8 $14) 21. g4 $16 g6 (21... Ne8 $16 22. g5 Qc6) 22. g5 $18 Nh5 23. Nd5 {[%emt 0:00:01] Prevents Nf4} Qc6 24. Bh3 Rb7 25. Rad1 Re8 26. Be3 Bg7 27. Rfe1 cxb4 {[%emt 0:00:04] A mistake that costs the game.} (27... Nf4 $16 {might work better.} 28. Qf3 (28. Bxf4 exf4 29. Qf3 Be5 $16) 28... Nxh3+ 29. Qxh3 Qe6) 28. cxb4 Qc4 {[%emt 0:00:05] [#]} (28... Nf4 29. Bxf4 (29. Nxf4 exf4 30. Bxf4 Ne5 $16) 29... exf4) 29. Qxc4 bxc4 30. f3 Nb8 31. Rc1 Nc6 32. Rxc4 Nd4 33. Kg2 Reb8 34. Bg4 Bf8 35. Bxh5 gxh5 36. Bxd4 exd4 37. Rxd4 Bxb4 38. Rb1 Bxa5 39. Nf6+ Kf8 40. Rxb7 Rxb7 41. Nxh7+ {[%emt 0:00:11][%mdl 4096] Endgame. KRB-KRN} ({Don't do} 41. Nxh5 Bb6 42. Rc4 a5 $18) 41... Ke7 42. Nf6 Rb2+ 43. Kf1 {[%emt 0:00:16] Hoping for Rd7+.} Rh2 $2 (43... Rb1+ 44. Kg2 Rb2+ 45. Kh3 Rb3) 44. Rd7+ Ke6 45. Ra7 Bc3 46. Rxa6+ Ke5 47. Nd5 ({Weaker is} 47. Nxh5 Rxh4 48. Ng3 Kf4 $16) 47... Bd4 48. Rf6 Bc5 {[%emt 0:00:12] Repels Ne7} 49. Rxf7 Kd4 50. g6 {[%emt 0:00:17] [#] And now g7 would win.} Kd3 51. g7 Rf2+ 52. Ke1 {[%emt 0:00:03] Strongly threatening Nf4+.} Re2+ 53. Kd1 {[%emt 0:00:02] White threatens Nf4+ and mate.} Rh2 54. Nf4+ (54. g8=B $2 Rh1#) 54... Ke3 55. g8=Q {[%emt 0:00:09] Weighted Error Value: White=0.11 (very precise) /Black=0.34.  Mistake:       	---       	Black=6      Inaccurate:     	White=2     	Black=4      OK:         	White=24    	Black=14     Best:        	White=1     	Black=1} 1-0

[Event "Grand Prix Romania 1st Stage 2024"]
[Site "Bucuresti"]
[Date "2024.03.24"]
[Round "6.19"]
[White "Cnejev, Vladimir-Alexandru"]
[Black "Castellanos Rodriguez, Renier"]
[Result "1/2-1/2"]
[ECO "B51"]
[WhiteElo "2311"]
[BlackElo "2469"]
[Annotator "TA"]
[PlyCount "145"]
[EventDate "2024.03.20"]
[EventType "swiss"]
[EventCountry "ROU"]
[SourceTitle "playchess.com"]
[Source "ChessBase"]
[SourceQuality "1"]
[TimeControl "900+5"]

1. e4 c5 2. Nf3 Nc6 3. Bb5 d6 4. O-O Bd7 5. Re1 Nf6 6. c3 a6 7. Bf1 Bg4 8. d4 cxd4 9. cxd4 d5 10. e5 {[%emt 0:00:31] B51: Sizilianisch (Rossolimo-Variante).} Ne4 11. h3 Bf5 12. Be3 $146 ({Predecessor:} 12. Nh4 Bc8 13. Be3 e6 14. Nf3 Be7 15. Nbd2 O-O 16. Nxe4 dxe4 17. Nd2 Nxd4 18. Nxe4 {1-0 Preotu,R (2487)-Delorme,A (2322) Titled Tuesday intern op 14th July blitz 2020 (2)}) 12... e6 13. Nc3 Be7 14. a3 Nxc3 15. bxc3 Rc8 16. c4 dxc4 17. Bxc4 Na5 18. Ba2 Nc4 19. Rc1 Nxe3 20. Rxe3 Rxc1 21. Qxc1 O-O 22. Qb2 b5 23. Qb3 Qd7 24. g4 Bg6 25. d5 Qxd5 (25... exd5 $17 26. Qd1 Rd8) 26. Qxd5 $15 exd5 27. Bxd5 Rd8 28. Bb7 a5 29. Rc3 $2 (29. Bc6 $17) 29... h6 $2 (29... b4 $19 {und Schwarz behält klar die Oberhand.} 30. axb4 axb4 (30... Bxb4 31. Rc4 $17)) 30. Ba6 $17 b4 31. axb4 axb4 (31... a4 $17 32. Rc7 a3 (32... Bxb4 33. Bc4 $17)) 32. Rc7 $15 {[%emt 0:00:03] [#]} b3 (32... Be4 $1 $15 33. Bc4 Rd1+ 34. Kh2 Kf8) 33. Rb7 $1 $11 Bc2 34. Bc4 $1 Kf8 35. Kh2 Rc8 36. Bd5 (36. Bxb3 $2 Be4 37. Rxe7 Kxe7 $19) 36... Rd8 37. Bc4 $1 (37. Bxb3 $2 {geht unter.} Be4 38. Rxe7 Kxe7 $19) 37... Bd3 38. Nd2 (38. Bxb3 $2 {zu gefräßig.} Be4 39. Rxe7 Kxe7 $19) 38... Bxc4 39. Nxc4 Rd4 (39... Bc5 $11) 40. Rxb3 Rxc4 41. Rb8+ Bd8 $1 42. Rxd8+ Ke7 43. Rg8 g6 44. Rh8 Re4 45. Rxh6 Rxe5 46. Rh8 Ra5 (46... g5 $11 {bleibt in der Remisbreite.}) 47. h4 $16 Kf6 48. Kg3 Ra4 49. Rb8 Rc4 50. f3 Ra4 51. Rb6+ Kg7 52. h5 (52. Rc6 $16) 52... gxh5 $11 53. gxh5 Rc4 54. f4 Rc1 55. Kg4 Rc5 56. h6+ Kh7 57. Rf6 Ra5 58. Rxf7+ Kxh6 59. Rb7 Kg6 60. Rb6+ Kg7 61. Rb1 Kg6 62. Rh1 Kg7 63. f5 Rb5 64. Kg5 Rb6 65. Ra1 Rc6 66. Ra7+ Kg8 67. Rb7 Ra6 68. Rb1 Kg7 69. Rh1 Rb6 70. Ra1 Rc6 71. Ra7+ Kg8 72. f6 Rc2 73. Kg6 1/2-1/2